 Dungeon Crawl Stone Soup version 0.30.0-29-ga12c61a403 (webtiles) character file.

Game seed: 13449568261850807613

366 AIAndy the Scholar of Death (level 6, -2/31 (41) HPs)
             Began as a Mummy Necromancer on June 6, 2023.
             Was a Follower of Kikubaaqudgha.
             Slain by an ogre
             ... wielding a +0 giant club
              (33 damage)
             ... on level 4 of the Dungeon.
             The game lasted 00:29:40 (3599 turns).

AIAndy the Scholar of Death (Mummy Necromancer)     Turns: 3599, Time: 00:29:41

HP:   -2/31 (41)    AC:  3    Str: 11    XL:     6   Next: 40%
MP:   2/15          EV: 17    Int: 17    God:    Kikubaaqudgha [*.....]
Gold: 221           SH:  0    Dex: 12    Spells: 2/17 levels left

rFire   x . .        r - staff of death
rCold   + . .        (no shield)
rNeg    + + +        a - +0 robe
rPois   ∞            (no helmet)
rElec   .            (no cloak)
rCorr   .            (no gloves)
SInv    .            m - +0 pair of boots
Will    .....        (no amulet)
Stlth   ++           c - +5 ring of evasion
HPRegen 0.25/turn    o - ring of flight
MPRegen 0.14/turn

%: faith
@: animating dead, flying, heavily drained
A: cold resistance 1, negative energy resistance 3, torment resistance 2, heat
vulnerability 1, in touch with death 1, no potions, faith
a: Renounce Religion, Unearth Wretches


You were on level 4 of the Dungeon.
You worshipped Kikubaaqudgha.
Kikubaaqudgha was aware of your devotion.
You visited 1 branch of the dungeon, and saw 4 of its levels.

You collected 221 gold pieces.

Inventory:

Hand Weapons
 i - a +3 short sword
 l - a +0 short sword of venom
 q - a +0 sling
Missiles
 f - 76 stones
Armour
 a - a +0 robe (worn)
 m - a +0 pair of boots (worn)
Magical Staves
 r - a staff of death (weapon)
Jewellery
 c - a +5 ring of evasion (left hand)
 g - a ring of see invisible
 o - a ring of flight (right hand)
 p - a ring of resist corrosion
Scrolls
 b - a scroll of enchant armour
 d - a scroll of poison
 e - a scroll of immolation
 h - a scroll of silence
 j - a scroll of enchant weapon
 k - 3 scrolls of teleportation


   Skills:
 - Level 1.5 Dodging
 - Level 1.5 Stealth
 + Level 6.1 Spellcasting
 + Level 6.1 Necromancy


You had 2 spell levels left.
You knew the following spells:

 Your Spells              Type           Power      Damage    Failure   Level
a - Necrotise             Necr           100%       1d9       1%          1
b - Vampiric Draining     Necr           56%        2d10      3%          3
c - Animate Dead          Necr           56%        N/A       10%         4
d - Agony                 Necr           56%        N/A       28%         5
e - Cigotuvi's Dreadful   Necr/Pois/Air  54%        N/A       9%          2

Your spell library contained the following spells:

 Spells                   Type           Power      Damage    Failure   Level
 Ensorcelled Hibernation  Hex/Ice        10%        N/A       19%         2
 Passwall                 Tmut/Erth      4%         N/A       19%         2
 Poisonous Vapours        Pois/Air       10%        N/A       19%         2
 Frozen Ramparts          Ice            10%        1d2       36%         3
 Mephitic Cloud           Conj/Pois/Air  5%         N/A       36%         3
 Swiftness                Air            5%         N/A       36%         3
 Passage of Golubria      Tloc           5%         N/A       77%         4
 Summon Ice Beast         Ice/Summ       5%         N/A       77%         4
 Freezing Cloud           Conj/Ice/Air   2%         6-21      98%         5
 Summon Hydra             Summ           2%         N/A       100%        7
 Ice Form                 Ice/Tmut       Unusable   N/A       N/A         4

Dungeon Overview and Level Annotations

Branches:
Dungeon (4/15)
 Temple: D:4-7

Altars:
Kikubaaqudgha
Nemelex Xobeh


Innate Abilities, Weirdness & Mutations

You are immune to poison.
Your flesh is cold resistant. (rC+)
You are immune to negative energy. (rN+++)
You are immune to unholy pain and torment.
You are vulnerable to heat. (rF-)
You are in touch with the powers of death.
You do not drink.
You have a special connection with the divine. (Faith)


Message History

Press: ? - help, Shift-Dir - straight line, f - ogre
Aim: an ogre, wielding a +0 giant club (chance to affect: 83%)
You feel a strong surge of power!
The ogre barely resists.
Casting: Necrotise (safe; 1% risk of failure)
Confirm with . or Enter, or press ? or * to list all spells.
Aiming: Necrotise (safe; 1% risk of failure)
Press: ? - help, Shift-Dir - straight line, f/p - ogre
Aim: an ogre, wielding a +0 giant club (chance to affect: 83%)
You feel a strong surge of power!
The ogre writhes in agony.
Casting: Necrotise (safe; 1% risk of failure)
Confirm with . or Enter, or press ? or * to list all spells.
Aiming: Necrotise (safe; 1% risk of failure)
Press: ? - help, Shift-Dir - straight line, f/p - ogre
Aim: an ogre, wielding a +0 giant club (lightly wounded, chance to affect: 83%)
You feel a strong surge of power!
The ogre writhes in agony.
Casting: Necrotise (safe; 1% risk of failure)
Confirm with . or Enter, or press ? or * to list all spells.
Aiming: Necrotise (safe; 1% risk of failure)
Press: ? - help, Shift-Dir - straight line, f/p - ogre
Aim: an ogre, wielding a +0 giant club (lightly wounded, chance to affect: 83%)
You feel a strong surge of power!
The ogre writhes in agony.
The ogre barely misses you.
Your magical contamination has completely faded away.
Casting: Necrotise (safe; 1% risk of failure)
Confirm with . or Enter, or press ? or * to list all spells.
Aiming: Necrotise (safe; 1% risk of failure)
Press: ? - help, Shift-Dir - straight line, f/p - ogre
Aim: an ogre, wielding a +0 giant club (moderately wounded, chance to affect: 83%)
You feel a strong surge of power!
The ogre barely resists.
You see here a +0 dagger.
Casting: Necrotise (safe; 1% risk of failure)
Confirm with . or Enter, or press ? or * to list all spells.
You feel a strong surge of power!
A part of your flesh rots into a cloud of miasma!
You feel drained.
You aren't carrying any items that you can evoke.
The ogre hits you with a +0 giant club!!
Ouch! That really hurt!
You die...
Kikubaaqudgha rasps: "You have failed me!
Welcome... oblivion!"

................).....#
.................#.#..#
+#..####...#)#..##.#.##
.##..#####....#..#...#
.###..######......#..#
.##..........####...##
.'..#######..## ##..## .####
##..>####...##
.#########......@O.)..#
.#......##.#.######...#######.
+#.####............#..........
..## ####...#####.#.#..######
.## ##### #...#### ## #####


You could see an ogre.

Vanquished Creatures
  Jessica (D:2)
  An iguana (D:4)
  2 orc wizards (D:4)
  A gnoll (D:3)
  5 adders
  An ufetubus (D:4)
  2 worms (D:3)
  2 dart slugs
  12 orcs
  10 ball pythons
  10 endoplasms
  A giant cockroach (D:3)
  8 goblins
  6 hobgoblins
  9 kobolds
  3 quokkas
  4 bats
  4 frilled lizards
  6 rats
88 creatures vanquished.

Vanquished Creatures (collateral kills)
  A black bear (D:4)
  An adder (D:2)
  2 endoplasms
  A giant cockroach (D:1)
  A hobgoblin (D:3)
  A ball python (D:2)
7 creatures vanquished.

Grand Total: 95 creatures vanquished

Notes
Turn   | Place    | Note
-------+----------+-------------------------------------------
     0 | D:1      | AIAndy the Mummy Necromancer began the quest for the Orb.
     0 | D:1      | Reached XP level 1. HP: 13/13 MP: 4/4
   527 | D:1      | Reached XP level 2. HP: 19/19 MP: 2/5
  1041 | D:2      | Noticed Jessica
  1045 | D:2      | Killed Jessica
  1046 | D:2      | Gained mutation: You are in touch with the powers of death.
                  | [Mummy growth]
  1046 | D:2      | Reached XP level 3. HP: 24/24 MP: 2/8
  1050 | D:2      | Learned a level 3 spell: Vampiric Draining
  1055 | D:2      | Found a faded altar of an unknown god.
  1296 | D:2      | Reached skill level 5 in Necromancy
  1296 | D:2      | Reached XP level 4. HP: 30/30 MP: 7/10
  1934 | D:3      | Reached XP level 5. HP: 35/35 MP: 3/12
  2262 | D:3      | Learned a level 4 spell: Animate Dead
  2268 | D:3      | Learned a level 5 spell: Agony
  2401 | D:3      | Reached skill level 5 in Spellcasting
  2597 | D:3      | Found an ancient bone altar of Kikubaaqudgha.
  2618 | D:3      | Became a worshipper of Kikubaaqudgha
  3121 | D:4      | Noticed a black bear
  3183 | D:4      | Reached * piety under Kikubaaqudgha
  3183 | D:4      | Received a gift from Kikubaaqudgha
  3187 | D:4      | Learned a level 2 spell: Cigotuvi's Dreadful Rot
  3286 | D:4      | Found a sparkling altar of Nemelex Xobeh.
  3326 | D:4      | Reached XP level 6. HP: 17/38 MP: 0/14
  3519 | D:4      | Got Xoacw's Vellum of Hyperbolic Command
  3599 | D:4      | Slain by an ogre

Illustrated notes

Levels and vault maps discovered:
D:1:      lemuel_arrival_lava_pool, layout_loops_cross
D:2:      layout_rooms, ebering_ecumenical_altar_ruins, uniq_jessica
D:3:      minmay_bubble_buster, layout_basic, amcnicky_altar_gilded
D:4:      layout_rooms, mainiacjoe_overflow_six_doors_small,
          kennysheep_slug_shrine, serial_curves, eino_curves_04, eino_curves_02

Skill      XL: |  1  2  3  4  5  6 |
---------------+-------------------+-----
Spellcasting   | 3 4 5 6 |  6.1
Necromancy     | 5 6 |  6.1
Dodging        | |  1.5
Stealth        | |  1.5

Action                     |  1- 3 |  4- 6 || total
---------------------------+-------+-------++-------
  Melee: Short sword       |     1 |       ||     1
         Staff             |       |     7 ||     7
   Cast: Necrotise         |    47 |   118 ||   165
         Animate Dead      |       |     3 ||     3
         Cigotuvi's Dreadf |       |     3 ||     3
         Vampiric Draining |       |     2 ||     2
    Use: Scroll            |       |     7 ||     7
 Armour: Robe              |     2 |     7 ||     9
  Dodge: Dodged            |     1 |    28 ||    29
